Map: Ulrena

Players

pupu

  • Race: Protoss Protoss
  • League: Silver

Phantom - Winner!

  • Race: Protoss Protoss

VOD

Have the link to the VOD?

Description

Time

  • Played on: April 3, 2016, 11:57 a.m.
  • Length: 11:05
Show
View Real Time Build Order
Export as new Build Order

pupu Protoss 

Build Orders:  

Get SALT Encoding   

  12  0:01  Probe (Chrono Boost)  
  13  0:12  Probe (Chrono Boost)  
  14  0:18  Pylon  
  14  0:22  Probe (Chrono Boost)  
  15  0:37  Probe (Chrono Boost)  
  15  0:38  Gateway  
  16  0:47  Probe (Chrono Boost)  
  17  0:51  Assimilator  
  17  0:58  Probe (Chrono Boost)  
  18  1:06  Assimilator  
  18  1:10  Probe (Chrono Boost)  
  19  1:20  Gateway  
  19  1:27  Cybernetics Core  
  19  1:28  Probe (Chrono Boost)  
  20  1:39  Probe (Chrono Boost)  
  21  1:49  Probe (Chrono Boost)  
  22  2:00  Probe (Chrono Boost)  
  23  2:14  Pylon  
  23  2:19  Gateway  
  23  2:20  Gateway  
  23  2:22  Warp Gate (Chrono Boost)  
  23  2:32  Probe (Chrono Boost), Sentry x2  
  28  2:44  Probe  
  29  2:52  Pylon  
  29  2:59  Pylon  
  29  3:10  Stalker x3  
  35  3:15  Stalker  
  37  3:32  Pylon  
  37  3:50  Nexus  
  37  3:59  Gateway  
  37  4:18  Probe  
  38  4:30  Mothership Core  
  40  4:52  Probe  
  41  5:03  Pylon  
  41  5:04  Probe  
  41  5:05  Stalker x3  
  41  5:06  Stalker, Pylon  
  50  5:10  Stalker  
  52  5:16  Probe  
  53  5:31  Stalker x3  
  59  5:36  Stalker  
  47  6:05  Stalker  
  47  6:06  Stalker x4  
  43  6:38  Stalker x2  
  43  6:39  Stalker x3  
  51  7:02  Stalker x4  
  51  7:05  Probe x2  
  61  7:36  Stalker x4  
  69  7:37  Stalker  
  71  7:51  Probe  
  71  7:52  Pylon  
  71  7:53  Probe  
  71  7:57  Assimilator  
  73  8:02  Probe  
  73  8:05  Probe  
  67  8:16  Stalker x3  
  67  8:17  Stalker  
  75  8:22  Zealot  
  55  9:02  Stalker x5  
  57  9:20  Gateway  
  57  9:22  Gateway  
  57  9:25  Zealot  
  57  9:27  Zealot x4  
  57  9:30  Probe  
  67  9:32  Probe  
  69  9:41  Probe  
  69  9:44  Probe  
  71  9:47  Sentry x3  
  71  9:51  Probe  
  77  9:56  Probe  
  79  10:02  Probe  
  79  10:06  Pylon  
  80  10:08  Probe  
  80  10:11  Stalker x2  
  80  10:12  Probe  
  85  10:17  Stalker  
  72  10:45  Stalker x3  
  72  10:46  Stalker x3  
Show
View Real Time Build Order
Export as new Build Order

Phantom Protoss - Winner!

Build Orders:  

Get SALT Encoding   

  12  0:02  Probe (Chrono Boost)  
  13  0:13  Probe (Chrono Boost)  
  14  0:19  Pylon  
  14  0:23  Probe (Chrono Boost)  
  15  0:38  Probe (Chrono Boost)  
  15  0:41  Gateway  
  16  0:45  Assimilator  
  16  0:48  Probe (Chrono Boost)  
  17  1:08  Probe (Chrono Boost)  
  18  1:28  Probe (Chrono Boost)  
  18  1:32  Cybernetics Core  
  19  1:35  Pylon  
  19  1:36  Pylon  
  19  1:39  Gateway  
  19  1:42  Gateway  
  19  1:45  Probe (Chrono Boost)  
  19  2:07  Assimilator  
  19  2:08  Warp Gate (Chrono Boost)  
  19  2:11  Probe  
  19  2:14  Adept  
  22  2:24  Probe  
  23  2:31  Adept  
  23  2:32  Adept  
  23  2:36  Probe  
  28  2:40  Stalker  
  30  2:53  Gateway  
  30  2:56  Pylon  
  30  3:00  Pylon  
  30  3:10  Pylon  
  30  3:14  Pylon, Adept  
  34  3:20  Mothership Core  
  34  3:54  Nexus  
  34  4:02  Assimilator  
  34  4:05  Assimilator  
  34  4:18  Pylon  
  34  4:19  Pylon  
  34  4:22  Pylon  
  34  4:26  Sentry x2  
  38  4:36  Stalker  
  40  4:44  Stalker  
  42  4:50  Probe (Chrono Boost)  
  43  4:56  Sentry  
  43  4:57  Sentry  
  47  5:03  Probe (Chrono Boost)  
  47  5:06  Probe (Chrono Boost)  
  50  5:14  Probe (Chrono Boost)  
  50  5:16  Probe (Chrono Boost)  
  50  5:20  Stalker  
  53  5:25  Stalker  
  53  5:28  Probe (Chrono Boost)  
  56  5:30  Probe (Chrono Boost)  
  57  5:39  Forge  
  55  5:52  Stalker x2  
  45  6:04  Stalker x2  
  41  6:21  Stalker x2  
  39  6:31  Mothership Core (Chrono Boost)  
  39  6:32  Stalker x2  
  43  6:49  Stalker x2  
  45  7:05  Twilight Council  
  45  7:11  Probe x2 (Chrono Boost)  
  45  7:15  Stalker  
  49  7:18  Zealot  
  49  7:19  Zealot  
  49  7:21  Probe (Chrono Boost)  
  49  7:22  Probe (Chrono Boost)  
  55  7:30  Stalker  
  55  7:32  Probe (Chrono Boost)  
  56  7:39  Pylon  
  56  7:40  Probe (Chrono Boost)  
  56  7:42  Probe (Chrono Boost), Pylon  
  58  7:48  Stalker x2  
  58  7:49  Sentry  
  64  7:52  Zealot  
  58  8:16  Stalker x4  
  66  8:24  Protoss Ground Weapons Level 1 (Chrono Boost)  
  66  8:43  Stalker x3  
  64  8:53  Mothership Core  
  54  8:59  Stalker  
  54  9:12  Stalker x2  
  56  9:21  Probe  
  56  9:23  Probe  
  58  9:26  Stalker x2  
  62  9:37  Dark Shrine  
  62  9:45  Stalker  
  64  9:47  Zealot  
  64  9:50  Zealot x2  
  70  10:10  Sentry x2  
  70  10:13  Zealot  
  76  10:22  Nexus  
  76  10:27  Pylon  
  76  10:29  Pylon  
  76  10:36  Pylon  
  76  10:38  Pylon  
  70  10:44  Robotics Facility  
  70  10:45  Stalker x3  
  70  10:46  Stalker  
  68  10:58  Assimilator  
  68  10:59  Assimilator  
  66  11:04  Pylon  
Tags
 
League
Silver
Matchup
PvP
Add a new tag
Caveats
  • Supply blocks, unpowered buildings, or Contaminate may cause inaccurate times.
  • Supply counts are checked every 10 seconds.